 Dungeon Crawl Stone Soup version 0.29.1-12-g30fa7ad0bf (webtiles) character file.

Game seed: 12026846600663851445

5327 fantasyman the Carver (level 10, -2/73 (80) HPs)
             Began as a Demigod Fire Elementalist on Jan 6, 2023.
             Slain by a wight
             ... wielding a +1 war axe of electrocution
              (20 damage)
             ... on level 8 of the Dungeon.
             The game lasted 00:14:02 (10955 turns).

fantasyman the Carver (Demigod Fire Elementalist)  Turns: 10955, Time: 00:14:05

HP:   -2/73 (80)    AC: 15    Str: 17    XL:     10   Next: 16%
MP:   18/18         EV:  2    Int: 27    God:
Gold: 471           SH: 14    Dex: 14    Spells: 12/15 levels left

rFire   x . .      SeeInvis +   m - +9 demon blade of Watchfulness {freeze, rPois Int+6}
rCold   + . .      Faith    .   c - +0 tower shield
rNeg    . . .      Spirit   .   H - +0 plate armour
rPois   +          Reflect  .   (no helmet)
rElec   .          Harm     .   n - +0 cloak
rCorr   .          Rampage  .   o - +0 pair of gloves
Will    +....                   J - +0 pair of boots
Stlth   ..........              E - amulet of magic regeneration
HPRegen 0.22/turn               f - ring of ice
MPRegen 0.56/turn               w - ring of see invisible

@: drained
A: high MP 1, forlorn, divine attributes
a: no special abilities


You were on level 8 of the Dungeon.
You visited 1 branch of the dungeon, and saw 8 of its levels.
You also visited: Sewer.

You collected 471 gold pieces.

Inventory:

Hand Weapons
 m - the +9 demon blade of Watchfulness (weapon) {freeze, rPois Int+6}
   (You acquired it on level 3 of the Dungeon)

   It freezes those it strikes, dealing additional cold damage.
   It can also slow down cold-blooded creatures.
   Int:       It affects your intelligence (+6).
   rPois:     It protects you from poison.
Missiles
 r - a throwing net
Armour
 c - a +0 tower shield (worn)
 n - a +0 cloak (worn)
 o - a +0 pair of gloves (worn)
 H - a +0 plate armour (worn)
 J - a +0 pair of boots (worn)
Jewellery
 d - a +6 ring of intelligence
 e - a ring of ice
 f - a ring of ice (left hand)
 k - a ring of poison resistance
 l - a ring of magical power
 p - a ring of wizardry
 w - a ring of see invisible (right hand)
 B - a ring of magical power
 E - an amulet of magic regeneration (around neck)
Wands
 y - a wand of mindburst (10)
 G - a wand of flame (23)
Scrolls
 a - a scroll of teleportation
 x - 6 scrolls of identify
 A - 2 scrolls of amnesia
Potions
 b - a potion of magic
 g - 2 potions of flight
 h - 2 potions of curing
 i - a potion of resistance
 j - a potion of degeneration
 q - 2 potions of berserk rage {unknown}
 s - 5 potions of might {unknown}
 t - a potion of heal wounds {unknown}
 u - 2 potions of brilliance {unknown}
 v - a potion of mutation {unknown}
 z - 4 potions of lignification {unknown}
 C - a potion of attraction {unknown}
 F - 2 potions of ambrosia {unknown}
 I - a potion of haste {unknown}


   Skills:
 * Level 4.7 Fighting
 * Level 9.4 Long Blades
 + Level 4.3 Armour
 - Level 2.1 Dodging
 - Level 1.9 Stealth
 * Level 5.9 Shields
 - Level 3.3 Spellcasting
 - Level 2.8 Conjurations
 - Level 4.0 Fire Magic


You had 12 spell levels left.
You knew the following spells:

 Your Spells              Type           Power      Damage    Failure   Level
a - Foxfire               Conj/Fire      92%        2x1d8     100%        1
b - Scorch                Fire           52%        2d7       100%        2

Your spell library contained the following spells:

 Spells                   Type           Power      Damage    Failure   Level
 Apportation              Tloc           8%         N/A       100%        1
 Necrotise                Necr           16%        1d4       100%        1
 Summon Small Mammal      Summ           16%        N/A       100%        1
 Sublimation of Blood     Necr           4%         N/A       100%        2
 Wereblood                Tmut           4%         N/A       100%        2
 Confusing Touch          Hex            4%         N/A       100%        3
 Conjure Flame            Conj/Fire      23%        6-21      100%        3
 Frozen Ramparts          Ice            12%        1d2       100%        3
 Gell's Gravitas          Tloc           4%         N/A       100%        3
 Inner Flame              Hex/Fire       15%        N/A       100%        3
 Lesser Beckoning         Tloc           4%         N/A       100%        3
 Stone Arrow              Conj/Erth      24%        3d8       100%        3
 Teleport Other           Tloc           4%         N/A       100%        3
 Animate Armour           Summ/Erth      8%         N/A       100%        4
 Flame Wave               Conj/Fire      23%        2d8       100%        4
 Ice Form                 Ice/Tmut       6%         N/A       100%        4
 Summon Ice Beast         Ice/Summ       6%         N/A       100%        4
 Yara's Violent Unravell  Hex/Tmut       2%         3d3       100%        5
 Dispersal                Tloc           2%         N/A       100%        6
 Enfeeble                 Hex            2%         N/A       100%        7
 Summon Hydra             Summ           2%         N/A       100%        7
 Lehudib's Crystal Spear  Conj/Erth      6%         10d3      100%        8


Dungeon Overview and Level Annotations

Branches:
Dungeon (8/15)             Temple (0/1) D:6            Lair (0/5) D:8
  Sewer (visited)


Innate Abilities, Weirdness & Mutations

You have an increased reservoir of magic. (+10% MP)
You shall have no god before yourself.
Your divine heritage dramatically boosts your attributes as you level up.


Message History

The wight hits you with a +2 falchion.
You slash the wight!
The wight is heavily damaged.
You block the wight's attack. x2
You closely miss the wight.
The wight is heavily damaged.
You block the wight's attack.
You hit the wight.
The wight is severely damaged.
The wight hits you but does no damage.
You barely miss the wight.
The wight is heavily damaged.
The wight hits you with a +2 falchion.
You hit the wight.
The wight is severely damaged.
You block the wight's attack.
You closely miss the wight.
The wight is severely damaged.
The wight hits you with a +2 falchion!
You feel drained.
You hit the wight.
The wight is almost destroyed.
The wight hits you with a +2 falchion!
You feel drained. The wight hits you with a +2 falchion.
You slash the wight!
You destroy the wight!
You closely miss the wight.
The wight hits you with a +1 war axe of electrocution.
You feel drained.
You are electrocuted!
You are too injured to fight recklessly!
You are too injured to fight recklessly!
You are too injured to fight recklessly!
You are too injured to fight recklessly!
You are too injured to fight recklessly!
You slash the wight!
The wight is moderately damaged.
The wight hits you with a +1 war axe of electrocution!
You feel drained.
* * * LOW HITPOINT WARNING * * *
You are electrocuted!!
You die...

....#......'...')..#.............
.####.######...#)###..##########.
.####.# #...#.# #..# ###. ......#
#...#.# #..## .... #######
#####.# #...### #### #.###'#.†.#
.# #.#.....#.##.# #.#.....#.##.#
#@#.....#'##.# #z#..........#####
#.###...........## #'#
##..........## ... #....).....##
... ######..##### ... ##..# #
##'## ##.# # #.## #


You could see a wight.

Vanquished Creatures
  A komodo dragon (D:8)
  2 hornets
  Sigmund (D:2)
  10 yaks (D:8)
  A wyvern (D:7)
  A water moccasin (D:7)
  An orc warrior (D:6)
  2 sky beasts (D:7)
  2 black bears
  2 ice beasts
  A centaur (D:8)
  2 phantoms
  8 kobold brigands
  2 bullfrogs
  3 necrophages
  A gnoll sergeant (D:7)
  2 scorpions
  A wight (D:8)
  4 hounds
  3 orc priests
  Crazy Yiuf (D:3)
  3 iguanas
  3 orc wizards
  14 gnolls
  9 adders
  4 river rats
  A shadow imp (D:8)
  3 white imps
  An ufetubus (D:5)
  6 worms
  3 dart slugs
  33 orcs
  10 endoplasms
  5 giant cockroaches
  6 goblins
  6 hobgoblins
  3 jackals (D:5)
  17 kobolds
  2 quokkas
  8 ball pythons
  3 bats
  3 frilled lizards
  9 rats
203 creatures vanquished.

Vanquished Creatures (others)
  432 foxfires
  30 plants (D:8)
462 creatures vanquished.

Grand Total: 665 creatures vanquished

Notes
Turn   | Place    | Note
-------+----------+-------------------------------------------
     0 | D:1      | fantasyman the Demigod Fire Elementalist began the quest
                  | for the Orb.
     0 | D:1      | Reached XP level 1. HP: 14/14 MP: 5/5
   435 | D:1      | Reached skill level 1 in Conjurations
   606 | D:1      | Reached XP level 2. HP: 18/18 MP: 1/7
  1564 | D:2      | Reached XP level 3. HP: 26/26 MP: 0/8
  1934 | D:2      | Identified the +2 robe "Geuqepp" {Rampage rF- rCorr Dex-4}
  2104 | D:2      | Noticed Sigmund
  2301 | D:3      | Noticed a bullfrog
  2307 | D:3      | Killed a bullfrog
  2308 | D:3      | Reached XP level 4. HP: 33/33 MP: 10/10
  2491 | D:3      | Learned a level 2 spell: Scorch
  2747 | D:3      | Reached XP level 5. HP: 38/38 MP: 12/12
  3124 | D:3      | Reached skill level 1 in Armour
  3153 | D:3      | Identified a scroll of acquirement
  3153 | D:3      | Acquired the +9 demon blade of Watchfulness {freeze, rPois
                  | Int+6}
  3746 | D:3      | Found a runed translucent door.
  3747 | D:3      | Noticed Crazy Yiuf
  4003 | D:3      | Killed Crazy Yiuf
  4004 | D:3      | Reached XP level 6. HP: 28/45 MP: 14/14
  4412 | D:2      | Killed Sigmund
  4413 | D:2      | Reached skill level 2 in Long Blades
  4773 | D:4      | Found a glowing drain.
  4808 | Sewer    | Entered a sewer
  5119 | Sewer    | Reached skill level 1 in Shields
  5119 | Sewer    | Reached XP level 7. HP: 51/51 MP: 15/15
  5132 | Sewer    | Reached skill level 1 in Fighting
  5132 | Sewer    | Reached skill level 3 in Long Blades
  5669 | Sewer    | Reached skill level 4 in Long Blades
  6690 | D:5      | Entered Level 5 of the Dungeon
  6806 | D:5      | Reached XP level 8. HP: 54/61 MP: 16/16
  6880 | D:5      | Reached skill level 5 in Long Blades
  7724 | D:6      | Reached skill level 6 in Long Blades
  7945 | D:6      | Found a staircase to the Ecumenical Temple.
  8455 | D:7      | Noticed a hornet
  8473 | D:7      | Killed a hornet
  8483 | D:7      | Reached skill level 7 in Long Blades
  8496 | D:7      | Reached XP level 9. HP: 56/69 MP: 17/17
  9138 | D:7      | Reached skill level 8 in Long Blades
  9380 | D:8      | Reached skill level 5 in Shields
 10440 | D:8      | Reached skill level 9 in Long Blades
 10444 | D:8      | Reached XP level 10. HP: 52/80 MP: 18/18
 10866 | D:8      | Found a staircase to the Lair.
 10955 | D:8      | Slain by a wight

Illustrated notes

Levels and vault maps discovered:
D:1:      dpeg_arrival_shelter, layout_basic, corexii_corridor_pit,
          dreamdust_wishing_well, amcnicky_mini_pool_small
D:2:      layout_loops_ring, uniq_sigmund
D:3:      cheibrodos_thug_alley, layout_basic, uniq_crazy_yiuf_cottage
D:4:      layout_loops_ring, ashenzari_altar_1, portal_sewer_entry_c
D:5:      layout_basic
D:6:      layout_loops_ring, minmay_temple_entry_purple_smoke
D:7:      layout_loops_cross, mainiacjoe_overflow_six_doors_small,
          minmay_circle_x
D:8:      layout_basic, david_lair_shrubbed, patterned_corridor

Skill      XL: |  1  2  3  4  5  6  7  8  9 |
---------------+----------------------------+-----
Fire Magic     | 3 4 |  4.0
Conjurations   | 1 2 |  2.8
Dodging        | 2 |  2.1
Spellcasting   | 2 3 |  3.3
Armour         | 1 2 3 4 |  4.3
Long Blades    | 2 4 7 9 |  9.4
Shields        | 1 2 4 5 |  5.9
Fighting       | 2 3 4 |  4.7
Stealth        | |  1.9

Action                   |  1- 3 |  4- 6 |  7- 9 | 10-12 || total
-------------------------+-------+-------+-------+-------++-------
Melee: Demon blade       |       |    66 |   250 |    52 ||   368
 Cast: Foxfire           |   106 |    96 |    76 |       ||   278
  Use: Scroll            |     5 |     4 |     4 |       ||    13
       Potion            |       |     1 |       |       ||     1
 Stab: Sleeping          |       |     2 |     1 |       ||     3
Armor: Robe              |     1 |       |       |       ||     1
       Leather armour    |     2 |    20 |    35 |       ||    57
       Plate armour      |       |       |    71 |    17 ||    88
Dodge: Dodged            |     7 |    31 |    25 |     3 ||    66
Block: Tower shield      |       |    29 |   173 |    26 ||   228
